 Dungeon Crawl Stone Soup version 0.28-a0-932-g843f935a50 (webtiles) character file.

Game seed: 12422834254508138003

2280 Htamos the Covert (level 9, -1/46 HPs)
             Began as a Felid Delver on Nov 27, 2021.
             Was a Believer of Sif Muna.
             Slain by a hornet (5 damage)
             ... while paralysed by a hornet
             ... on level 9 of the Dungeon.
             The game lasted 00:57:21 (16276 turns).

Htamos the Covert (Felid Delver)                   Turns: 16276, Time: 00:57:21

Health: -1/46      AC:  6    Str:  8    XL:     9   Next: 16%
Magic:  2/10       EV:  4    Int: 16    God:    Sif Muna [**....]
Gold:   307        SH:  0    Dex: 20    Spells: 3/8 levels left
                                        Lives:  0   Deaths: 2

rFire   + . .      SeeInvis +     - Unarmed
rCold   . . .      Faith    .   (shield unavailable)
rNeg    . . .      Spirit   .   (armour unavailable)
rPois   .          Reflect  .   (helmet unavailable)
rElec   .          Harm     .   (cloak unavailable)
rCorr   .          Rampage  .   (gloves unavailable)
Will    +....                   (boots unavailable)
Stlth   +++++.....              d - amulet of the acrobat
HPRegen 0.15/turn               i - ring of protection from fire
MPRegen 0.12/turn               u - +4 ring of protection

@: paralysed, lethally poisoned (-1 -> -5), very slightly contaminated, slowed,
quick
A: very small, claws 1, fangs 3, see invisible, speed 1, shaggy fur 2, stealthy
paws, no weapons or thrown items, no armour, multi-lived, clever 2
a: Renounce Religion, Channel Magic


You were on level 9 of the Dungeon.
You worshipped Sif Muna.
Sif Muna was pleased with you.
You visited 3 branches of the dungeon, and saw 13 of its levels.

You collected 812 gold pieces.
You spent 505 gold pieces at shops.

Inventory:

Jewellery
 a - an amulet of magic regeneration
 d - an amulet of the acrobat (around neck)
 h - a ring of see invisible
 i - a ring of protection from fire (left paw)
 o - a ring of fire
 s - an amulet of regeneration
 u - a +4 ring of protection (right paw)
 w - an amulet of reflection
Wands
 e - a wand of digging (3)
 n - a wand of charming (4)
Scrolls
 c - 2 scrolls of amnesia
 g - 3 scrolls of enchant weapon
 j - a scroll of vulnerability
 l - 4 scrolls of identify {@rr}
 q - a scroll of torment
 t - 2 scrolls of teleportation
 v - a scroll of fog
Potions
 f - a potion of haste
 k - 2 potions of cancellation {unknown}
 m - a potion of invisibility {unknown}
 p - 2 potions of curing {@qc}
 r - a potion of magic
 x - a potion of flight


   Skills:
 * Level 10.0 Fighting
 + Level 9.1 Dodging
 + Level 11.5 Stealth
 + Level 7.0 Unarmed Combat
 + Level 3.4 Poison Magic


You had 3 spell levels left.
You knew the following spells:

 Your Spells              Type           Power      Damage    Failure   Level
a - Sting                 Tmut/Pois      20%        1d4       13%         1
b - Poisonous Vapours     Pois/Air       10%        N/A       19%         2
c - Sublimation of Blood  Necr           0%         N/A       36%         2

Your spell library contained the following spells:

 Spells                   Type           Power      Damage    Failure   Level
 Static Discharge         Conj/Air       0%         N/A       36%         2
 Wereblood                Tmut           0%         N/A       36%         2
 Gell's Gravitas          Tloc           0%         N/A       58%         3
 Lesser Beckoning         Tloc           0%         N/A       58%         3
 Teleport Other           Tloc           0%         N/A       58%         3
 Olgreb's Toxic Radiance  Pois           11%        N/A       52%         4
 Dispel Undead            Necr           0%         3d6       94%         4
 Sticky Flame             Conj/Fire      0%         2d3       94%         4
 Summon Hydra             Summ           0%         N/A       100%        7


Dungeon Overview and Level Annotations

Branches:
Dungeon (11/15)            Temple (1/1) D:6             Orc (1/2) D:9
   Lair: D:8-11

Altars:
Ashenzari
Cheibriados
Dithmenos
Elyvilon
Fedhas
Gozag
Hepliaklqana
Kikubaaqudgha
Makhleb
Nemelex Xobeh
Okawaru
Qazlal
Ru
Sif Muna
Trog
Vehumet
Wu Jian
Xom
Yredelemnul
Zin
The Shining One

Shops:
D:5 [   D:6 (   D:7 *   D:8 !   D:9 [*=:   Orc:1 *

Annotations:
D:4 Pikel
D:5 2 exclusions
D:8 3 runed translucent doors, Jano's ghost, novice DjWz
D:9 exclusion: 4 doors
D:11 exclusions: centaur warrior and gargoyle


Innate Abilities, Weirdness & Mutations

You have sharp claws.
You have razor-sharp teeth.
You have supernaturally acute eyesight. (SInv)
You cover ground quickly. (Speed+)
You are covered in thick fur. (AC +2)
Your paws help you pounce on unaware monsters.
You are incapable of wielding weapons or throwing items.
You cannot wear armour.
You gain extra lives every three experience levels.
Your mind is very acute. (Int +4)


Message History

Aim: a hornet (heavily wounded, poisoned, 52% to hit)
You miscast Sting.
Nothing appears to happen.
* * * LOW MAGIC WARNING * * *
You feel yourself speed up. The hornet misses you.
The orc hits you with a +0 flail. The hornet stings you.
You feel yourself slow down.
You closely miss the hornet.
The hornet is severely wounded.
The hornet barely misses you. The orc misses you. The hornet stings you!
You are poisoned.
You feel as though you will be slow longer.
The orc completely misses you.
Unknown command.
Casting: Sting (safe; 13% risk of failure)
Confirm with . or Enter, or press ? or * to list all spells.
Aiming: Sting (safe; 13% risk of failure)
Press: ? - help, Shift-Dir - straight line, f/p - hornet
Aim: a hornet (severely wounded, poisoned, 52% to hit)
The sting hits the hornet but does no damage.
The hornet looks even sicker.
The hornet is severely wounded.
* * * LOW MAGIC WARNING * * *
You feel very sick. The hornet stings you.
You feel as though you will be slow longer.
The hornet stings you.
* * * LOW HITPOINT WARNING * * *
You suddenly lose the ability to move!
The orc hits you with a +0 flail.
* * * LOW HITPOINT WARNING * * *
The hornet stings you.
* * * LOW HITPOINT WARNING * * *
You feel as though you will be slow longer.
You feel sick. The orc hits you with a +0 flail.
* * * LOW HITPOINT WARNING * * *
The hornet stings you.
* * * LOW HITPOINT WARNING * * *
You feel as though you will be slow longer.
* * * LOW HITPOINT WARNING * * *
You feel sick. The hornet stings you.
You die...

*##........* ##.##
#.......#*
########....
#.......#
#...#.....#.
#.......#
#...'.......
#....8..##
##...#.....#)
#........#
#....#####.#.
*#..8.∩.8.###....#
#####.
*.....<.o#.......#
#.'..∩
*.....8y@#.###...#
#.###.
*......[.#.# #####
#.#⌠#.
***........#.#
#...#+
*,,..........#
###.#,
*,,..#####.###
#.#* *,∩.,* ###
#.## *,,,,* #...
****** #.##
#############


You could see a hornet (very poisoned) and an orc.

Vanquished Creatures
  An unseen horror (D:7)
  A komodo dragon (D:11)
  A troll (D:7)
  2 dream sheep (D:9)
  3 steam dragons
  3 acid dragons
  A water moccasin (D:8)
  An ice beast (D:7)
  An orc warrior (D:6)
  2 black bears
  A sky beast (D:8)
  2 ogres (D:6)
  3 centaurs
  7 kobold brigands
  3 bullfrogs
  A gnoll sergeant (D:11)
  A scorpion (D:6)
  A water moccasin skeleton (D:6)
  5 killer bees (D:6)
  2 howler monkeys
  A bullfrog zombie (D:6)
  3 centaur zombies
  A jelly (D:5)
  An orc priest (D:9)
  2 gnoll shamans
  3 centaur skeletons
  2 iguanas
  An orc wizard (D:5)
  A killer bee zombie (D:7)
  A hound skeleton (D:5)
  6 howler monkey zombies
  2 howler monkey skeletons
  10 adders
  6 gnolls
  A white imp (D:7)
  An ufetubus (D:5)
  An adder skeleton (D:4)
  4 dart slugs
  9 orcs
  4 bats
  6 endoplasms
  3 giant cockroaches
  6 goblins
  6 hobgoblins
  4 jackals (D:1)
  33 kobolds
  4 quokkas
  5 ball pythons
  4 frilled lizards
  3 rats
176 creatures vanquished.

Vanquished Creatures (others)
  12 plants
12 creatures vanquished.

Grand Total: 188 creatures vanquished

Notes
Turn   | Place    | Note
-------+----------+-------------------------------------------
     0 | D:5      | Htamos the Felid Delver began the quest for the Orb.
     0 | D:5      | Reached XP level 1. HP: 10/10 MP: 2/2
    53 | D:5      | Noticed a water moccasin
   175 | D:4      | Noticed a necrophage
   653 | D:3      | Noticed a phantom
   914 | D:3      | Reached XP level 2. HP: 11/14 MP: 3/3
   999 | D:4      | Noticed a phantom
  1212 | D:5      | Reached XP level 3. HP: 12/17 MP: 4/4
  1473 | D:4      | Noticed an ogre
  1587 | D:2      | Reached skill level 7 in Stealth
  2288 | D:3      | Reached XP level 4. HP: 21/22 MP: 5/5
  4746 | D:3      | Reached XP level 5. HP: 21/25 MP: 6/6
  5266 | D:4      | Noticed an ogre
  5340 | D:4      | Found a stormy altar of Qazlal.
  5360 | D:4      | Noticed Pikel
  5360 | D:4      | Noticed a lemure
  5408 | D:4      | Noticed a black bear
  5594 | D:5      | Gained mutation: You are covered in thick fur. (AC +2)
                  | [Felid growth]
  5594 | D:5      | Reached XP level 6. HP: 15/30 MP: 7/7
  5896 | D:5      | Found Bayajidda's Dragon-Slaying Spoils.
  5896 | D:5      | Noticed a steam dragon
  5906 | D:5      | Killed a steam dragon
  5907 | D:5      | Reached skill level 5 in Fighting
  5907 | D:5      | Reached skill level 8 in Stealth
  6670 | D:6      | Reached skill level 5 in Dodging
  6670 | D:6      | Reached XP level 7. HP: 34/34 MP: 8/8
  6673 | D:6      | Found a staircase to the Ecumenical Temple.
  6684 | Temple   | Entered the Ecumenical Temple
  6765 | Temple   | Became a worshipper of Sif Muna the Loreminder
  7329 | D:6      | Found a blossoming altar of Fedhas.
  7334 | D:6      | Found a radiant altar of Vehumet.
  7423 | D:6      | Found a shadowy altar of Dithmenos.
  7423 | D:6      | Found a glowing silver altar of Zin.
  8103 | D:6      | Found a white marble altar of Elyvilon.
  8134 | D:6      | Found Bafrucu's Weapon Shop.
  8257 | D:6      | Reached XP level 8. HP: 39/39 MP: 9/9
  8498 | D:6      | Reached skill level 9 in Stealth
  8705 | D:7      | Noticed a troll
  9216 | D:7      | Reached skill level 5 in Unarmed Combat
  9224 | D:7      | Found Gokhum's General Store.
  9232 | D:7      | Bought a scroll of identify for 30 gold pieces
  9232 | D:7      | Bought a scroll of identify for 30 gold pieces
  9235 | D:7      | Bought a potion of mutation for 120 gold pieces
  9235 | D:7      | Bought a potion of curing for 45 gold pieces
  9235 | D:7      | Bought a scroll of torment for 112 gold pieces
  9323 | D:7      | Identified the +6 war axe "Peitoesk" {pain, rC+}
  9505 | D:7      | Noticed Joseph
  9506 | D:7      | Noticed Joseph
  9506 | D:7      | Joseph changed into Joseph the unseen horror
  9525 | D:7      | Gained mutation: Your mind is acute. (Int +2) [potion of
                  | mutation]
  9525 | D:7      | Gained mutation: Your mind is very acute. (Int +4) [potion
                  | of mutation]
  9529 | D:7      | Killed Joseph the unseen horror
  9767 | D:7      | Found an ancient bone altar of Kikubaaqudgha.
 10190 | D:8      | Noticed Maggie
 10242 | D:7      | Reached skill level 10 in Stealth
 10242 | D:7      | Reached XP level 9. HP: 22/44 MP: 10/10
 10399 | D:8      | Found Gulamil's Distillery.
 10854 | D:8      | Learned a level 1 spell: Sting
 11177 | D:8      | Bought a potion of heal wounds for 60 gold pieces
 11177 | D:8      | Bought a potion of curing for 36 gold pieces
 11177 | D:8      | Bought a potion of curing for 36 gold pieces
 11177 | D:8      | Bought a potion of curing for 36 gold pieces
 11199 | D:8      | Reached skill level 1 in Poison Magic
 11550 | D:8      | Found a runed translucent gate.
 11550 | D:8      | Found a runed translucent gate.
 11550 | D:8      | Found an opulent altar of Gozag.
 11550 | D:8      | Found a runed translucent gate.
 11551 | D:8      | Noticed Jano's ghost (novice DjWz)
 11551 | D:8      | Noticed a seven-headed hydra
 11555 | D:8      | Noticed Maggie
 11555 | D:8      | Maggie changed into Maggie the sky beast
 11568 | D:8      | Killed Maggie the sky beast
 11895 | D:9      | Found Koczuf's Jewellery Shoppe.
 12091 | D:9      | Found an opulent altar of Gozag.
 12148 | D:9      | Found a snail-covered altar of Cheibriados.
 12153 | D:9      | Reached * piety under Sif Muna
 12159 | D:9      | Found Vang's Book Shop.
 12262 | D:9      | Found a staircase to the Orcish Mines.
 12470 | D:9      | Mangled by a dream sheep
 12471 | D:9      | Reached XP level 8. HP: -9/41 MP: 9/9
 12500 | D:9      | Killed a dream sheep
 12508 | D:9      | Killed a dream sheep
 12523 | D:9      | Noticed a three-headed hydra
 12830 | D:9      | Noticed a two-headed ogre
 12845 | D:9      | Noticed a glowing shapeshifter
 12845 | D:9      | a two-headed ogre changed into a glowing shapeshifter
 12846 | D:9      | Noticed a torpor snail
 12846 | D:9      | a glowing shapeshifter changed into a torpor snail
 12847 | D:9      | Noticed an anaconda
 12847 | D:9      | a torpor snail changed into an anaconda
 12855 | D:9      | Noticed a satyr
 12865 | D:9      | Noticed an alligator
 12867 | D:9      | Noticed a boulder beetle
 12867 | D:9      | an alligator changed into a boulder beetle
 12875 | D:9      | Noticed a quicksilver ooze
 12875 | D:9      | a boulder beetle changed into a quicksilver ooze
 12876 | D:9      | Noticed a satyr
 12876 | D:9      | a quicksilver ooze changed into a satyr
 12881 | D:9      | Noticed a ghost moth
 12881 | D:9      | a satyr changed into a ghost moth
 12885 | D:9      | Noticed an ettin
 12885 | D:9      | a ghost moth changed into an ettin
 12887 | D:9      | Noticed a fire dragon
 12887 | D:9      | an ettin changed into a fire dragon
 12900 | D:9      | Noticed a tyrant leech
 12900 | D:9      | a fire dragon changed into a tyrant leech
 12907 | D:9      | Noticed a wolf spider
 12907 | D:9      | a tyrant leech changed into a wolf spider
 12909 | D:9      | Noticed a spark wasp
 12909 | D:9      | a wolf spider changed into a spark wasp
 12929 | D:9      | Noticed a great orb of eyes
 12931 | D:9      | Noticed a tyrant leech
 12931 | D:9      | a great orb of eyes changed into a tyrant leech
 12933 | D:9      | Noticed a bunyip
 12933 | D:9      | a tyrant leech changed into a bunyip
 12937 | D:9      | Noticed an ice dragon
 12937 | D:9      | a bunyip changed into an ice dragon
 12940 | D:9      | Noticed a boulder beetle
 12944 | D:9      | Noticed a ghost moth
 12944 | D:9      | a boulder beetle changed into a ghost moth
 12948 | D:9      | Noticed a bunyip
 12949 | D:9      | Noticed a ghost moth
 12949 | D:9      | a bunyip changed into a ghost moth
 12960 | D:9      | Noticed a goliath frog
 12961 | D:9      | Noticed a glowing shapeshifter
 12961 | D:9      | a goliath frog changed into a glowing shapeshifter
 12961 | D:9      | Noticed a shining eye
 12961 | D:9      | a glowing shapeshifter changed into a shining eye
 12964 | D:9      | Noticed a shock serpent
 12964 | D:9      | a shining eye changed into a shock serpent
 12966 | D:9      | Noticed an eye of devastation
 12966 | D:9      | a shock serpent changed into an eye of devastation
 12967 | D:9      | Noticed a shock serpent
 12967 | D:9      | an eye of devastation changed into a shock serpent
 12971 | D:9      | HP: 2/42 [shock serpent (glowing shapeshifter) (14)]
 12972 | D:9      | Noticed a wind drake
 12972 | D:9      | a shock serpent changed into a wind drake
 12976 | D:9      | Noticed a lindwurm
 12978 | D:9      | Noticed a water nymph
 12978 | D:9      | a lindwurm changed into a water nymph
 12981 | D:10     | Entered Level 10 of the Dungeon
 13265 | D:9      | Noticed a torpor snail
 13265 | D:9      | a water nymph changed into a torpor snail
 13268 | D:9      | Noticed a glowing shapeshifter
 13268 | D:9      | a torpor snail changed into a glowing shapeshifter
 13268 | D:9      | Noticed a glowing orange brain
 13268 | D:9      | a glowing shapeshifter changed into a glowing orange brain
 13279 | D:9      | Noticed a dream sheep
 13279 | D:9      | a glowing orange brain changed into a dream sheep
 13280 | D:9      | Noticed a slime creature
 13280 | D:9      | a dream sheep changed into a slime creature
 13284 | D:9      | Noticed a great orb of eyes
 13284 | D:9      | a slime creature changed into a great orb of eyes
 13291 | D:9      | Noticed a bunyip
 13293 | D:9      | Noticed a tyrant leech
 13293 | D:9      | a bunyip changed into a tyrant leech
 13294 | D:9      | Noticed an alligator
 13294 | D:9      | a tyrant leech changed into an alligator
 13296 | D:9      | Noticed a satyr
 13296 | D:9      | an alligator changed into a satyr
 13622 | D:10     | Found a sparkling altar of Nemelex Xobeh.
 13884 | D:10     | Noticed a troll
 14035 | D:10     | a troll changed into a black bear
 14084 | D:9      | Found Yfegef's Armour Shop.
 14248 | D:9      | Reached XP level 9. HP: 43/45 MP: 10/10
 14371 | D:10     | Reached skill level 11 in Stealth
 14700 | D:11     | Found an iron altar of Okawaru.
 14865 | D:11     | Identified the +1 flail of the Jumping Gnat {freeze, Will+
                  | Str+2 Dex+2}
 14917 | D:11     | Learned a level 2 spell: Poisonous Vapours
 14920 | D:11     | Learned a level 2 spell: Sublimation of Blood
 14976 | D:11     | Noticed a centaur warrior
 15173 | D:11     | Noticed a gargoyle
 15175 | D:11     | Noticed a komodo dragon
 15180 | D:11     | Killed a komodo dragon
 15290 | Orc:1    | Entered Level 1 of the Orcish Mines
 15290 | Orc:1    | Found Tinne's General Store.
 15390 | D:9      | Noticed a spark wasp
 15395 | D:9      | Annihilated by a spark wasp (glowing shapeshifter)
 15396 | D:9      | Reached XP level 8. HP: -22/43 MP: 9/9
 15629 | D:7      | Killed a troll
 15798 | D:6      | Reached XP level 9. HP: 32/46 MP: 4/10
 16245 | D:9      | Reached skill level 10 in Fighting
 16258 | D:9      | Found Eplas's Assorted Antiques.
 16264 | D:9      | Reached ** piety under Sif Muna
 16274 | D:9      | Paralysed by a hornet for 3 turns
 16276 | D:9      | Slain by a hornet

Illustrated notes

Levels and vault maps discovered:
D:1:      amcnicky_arrival_feature_with_door, layout_rooms, st_stairs_1
D:2:      layout_loops_ring, guppyfry_early_lair_pool
D:3:      layout_loops_cross, shapermc_ecumenical_altar_acropolis,
          kennysheep_pointless_box
D:4:      minmay_angry_zag, layout_rooms, mainiacjoe_overflow_tiny_flanked,
          enter_ossuary_2, uniq_pikel
D:5:      layout_gridville, nicolae_shop_dragon_depot, uniq_edmund
D:6:      layout_gridville, gammafunk_temple_overflow_statue,
          mainiacjoe_overflow_big_doors, nicolae_elyvilon_temple_path,
          minmay_temple_entry_glassed_door, serial_shops, nicolae_shop_trees,
          chequers_jeans
D:7:      layout_loops_ring, mainiacjoe_overflow_cross_hatched, serial_shops,
          shop, uniq_joseph
D:8:      layout_cave_pools, ebering_ghost_gozag, serial_shops,
          nicolae_stop_n_shop_2, serial_bayou_crossing, uniq_maggie
D:9:      layout_basic, kennysheep_slug_shrine, kennysheep_little_box,
          eat_drink_and_be_merry_uskayaw, mainiacjoe_overflow_catwalk,
          orc_0_dummy, serial_shops, nicolae_shop_hallway_plus, shop,
          nicolae_shop_statue_plus, nicolae_shop_hallway_stairs, shop,
          hangedman_ranch
D:10:     layout_stronghold, mainiacjoe_overflow_surrounded_room
D:11:     layout_basic, dpeg_oklobed_lair, okawaru_trees_1
Temple:   compressed_dpeg_circular_temple
Orc:1:    layout_caves, serial_shops, nicolae_shop_crystal,
          nicolae_orc_bridge_out

Skill      XL: |  1  2  3  4  5  6  7  8  9 |
---------------+----------------------------+-----
Dodging        | 3 4 5 9 |  9.1
Stealth        | 7 8 10 11 | 11.5
Fighting       | 4 5 6 9 10 | 10.0
Unarmed Combat | 3 4 5 7 |  7.0
Poison Magic   | 2 3 |  3.4

Action                   |  1- 3 |  4- 6 |  7- 9 || total
-------------------------+-------+-------+-------++-------
Melee: Unarmed           |    53 |   204 |   502 ||   759
       Bite              |     5 |    21 |    56 ||    82
       Punch             |     1 |     2 |    16 ||    19
 Cast: Sting             |       |       |    40 ||    40
Evoke: Wand              |       |     7 |    20 ||    27
  Use: Scroll            |     6 |     4 |     7 ||    17
       Potion            |     5 |     1 |    15 ||    21
 Stab: Sleeping          |     8 |    15 |    24 ||    47
       Distracted        |       |     1 |       ||     1
       Paralysed         |       |     3 |     1 ||     4
Armor: Skin              |     1 |    16 |    48 ||    65
Dodge: Dodged            |    36 |   188 |   485 ||   709

Table legend: (Time is in decaauts)
 A = Elapsed time spent in this place.
 B = Non-inter-level travel time spent in this place.
 C = Inter-level travel time spent in this place.
 D = Time resting spent in this place.
 E = Time spent auto-exploring this place.
 F = Levels seen in this place.
 G = Mean time per level.
                   A        B        C        D        E       F      G
               +--------+--------+--------+--------+--------+-----+--------+
         Total |  14644 |  13904 |    740 |   4859 |   4237 |  13 | 1126.5 |
       Dungeon |  14561 |  13868 |    693 |   4859 |   4222 |  11 | 1323.7 |
        Temple |     69 |     23 |     46 |      0 |     15 |   1 |   69.0 |
  Orcish Mines |     13 |     13 |      0 |      0 |      0 |   1 |   13.0 |
               +--------+--------+--------+--------+--------+-----+--------+

Top non-repeatable levels by time:
     D:7: 1951 daAuts
     D:5: 1942 daAuts
     D:6: 1840 daAuts
     D:3: 1676 daAuts
    D:10: 1331 daAuts
     D:9: 1320 daAuts
     D:2: 1307 daAuts
     D:8: 1256 daAuts
     D:1: 1016 daAuts
    D:11: 494 daAuts
     D:4: 422 daAuts
  Temple: 69 daAuts
   Orc:1: 13 daAuts
